 Dungeon Crawl Stone Soup version 0.23.1-37-gaa34b87b72 (webtiles) character file.

Game seed: 4759153725349143106

193 Peloso the Covered (level 5, -1/47 HPs)
             Began as a Minotaur Fighter on Mar 21, 2019.
             Slain by a sky beast (6 damage)
             ... on level 3 of the Dungeon.
             The game lasted 00:03:50 (1890 turns).

Peloso the Covered (Minotaur Fighter)               Turns: 1890, Time: 00:03:51

Health: -1/47      AC: 12    Str: 20    XL:     5   Next: 44%
Magic:  4/4        EV:  6    Int:  5    God:
Gold:   83         SH:  9    Dex: 11    Spells: 4/4 levels left

rFire    . . .     SeeInvis .   a - +0 long sword
rCold    . . .     Gourm    .   c - +0 shield
rNeg     . . .     Faith    .   g - +0 chain mail
rPois    +         Spirit   .   (helmet restricted)
rElec    .         Reflect  .   s - +1 cloak {rPois}
rCorr    .         Harm     .   (no gloves)
MR       .....                  (no boots)
Stlth    ..........             (no amulet)
HPRegen  0.15/turn              (no ring)
MPRegen  0.09/turn              (no ring)

@: no status effects
A: retaliatory headbutt, horns 2
a: no special abilities


You were on level 3 of the Dungeon.
You were very hungry.

You visited 1 branch of the dungeon, and saw 3 of its levels.

You collected 83 gold pieces.

Inventory:

Hand Weapons
 a - a +0 long sword (weapon)
Armour
 b - a +0 scale mail
 c - a +0 shield (worn)
 g - a +0 chain mail (worn)
 s - a +1 cloak of poison resistance (worn)
Wands
 q - a wand of polymorph (3)
Scrolls
 i - 4 scrolls of magic mapping {unknown}
 j - a scroll of immolation {unknown}
 k - a scroll of teleportation {unknown}
 l - 2 scrolls of identify {unknown}
 m - a scroll of amnesia {unknown}
 p - a scroll of enchant weapon {unknown}
 u - a scroll of enchant armour {unknown}
 v - a scroll of blinking {unknown}
Potions
 d - a potion of might
 e - a potion of curing {unknown}
 h - a potion of brilliance {unknown}
 n - a potion of invisibility {unknown}
 o - a potion of magic {unknown}
 r - a potion of mutation {unknown}
 t - a potion of flight {unknown}
Comestibles
 f - 3 rations


   Skills:
 + Level 4.4 Fighting
 + Level 4.2 Long Blades
 + Level 4.9 Armour
 + Level 0.7 Dodging
 + Level 4.8 Shields


You had 4 spell levels left.
You didn't know any spells.
Your spell library was empty.

Dungeon Overview and Level Annotations

Branches:
Dungeon (3/15)

Altars:
Fedhas
Makhleb
Nemelex Xobeh
Trog
Uskayaw
Xom
Zin


Innate Abilities, Weirdness & Mutations

You reflexively headbutt those who attack you in melee.
You have a pair of horns on your head.


Message History

You block the sky beast's attack.
You closely miss the sky beast.
The sky beast is severely wounded.
The sky beast barely misses you.
You riposte.
You hit the sky beast.
The sky beast is almost dead.
You hit the sky beast.
The sky beast is almost dead.
You block the sky beast's attack. The sky beast hits you.
The sky beast shocks you.
* * * LOW HITPOINT WARNING * * *
Your shield and chain mail prevent you from hitting the sky beast.
Your headbutt misses the sky beast.
The sky beast is almost dead.
The sky beast hits you but does no damage.
Your shield prevents you from hitting the sky beast.
The sky beast is almost dead.
The sky beast hits you.
* * * LOW HITPOINT WARNING * * *
The sky beast shocks you.
You die...

+.....................
##...#.####.###....#
##.#...###.###.#..#
##(....##.##...#.#
#......##.##.#.#.#
#......##.##...#.#
#.#.?.###........#
#.##### #####.#### #@#
#.#... #Y# #..... #.#
###.## #.# #.## ..#
#.## ### #.## #.##
#<.. ####


You could see a sky beast.

Vanquished Creatures
  Crazy Yiuf (D:2)
  Natasha (twice) (D:2)
  6 adders
  A worm (D:2)
  A dart slug (D:2)
  A leopard gecko (D:3)
  2 orcs (D:3)
  6 giant cockroaches
  8 hobgoblins
  3 jackals (D:1)
  2 quokkas (D:2)
  4 bats
  5 goblins
  4 kobolds
  9 rats
  A fungus (D:2)
56 creatures vanquished.

Notes
Turn   | Place    | Note
-------+----------+-------------------------------------------
     0 | D:1      | Peloso the Minotaur Fighter began the quest for the Orb.
     0 | D:1      | Reached XP level 1. HP: 19/19 MP: 0/0
   150 | D:1      | Reached XP level 2. HP: 27/27 MP: 1/1
   681 | D:2      | Reached XP level 3. HP: 33/33 MP: 2/2
  1046 | D:2      | Found a bloodstained altar of Trog.
  1182 | D:2      | Found a burning altar of Makhleb.
  1183 | D:2      | Noticed a blizzard demon
  1188 | D:2      | Found a glowing silver altar of Zin.
  1188 | D:2      | Noticed an angel
  1287 | D:2      | Found a hide-covered altar of Uskayaw.
  1287 | D:2      | Found a blossoming altar of Fedhas.
  1292 | D:2      | Found a shimmering altar of Xom.
  1293 | D:2      | Noticed Natasha
  1294 | D:2      | Found a sparkling altar of Nemelex Xobeh.
  1301 | D:2      | Killed Natasha
  1301 | D:2      | Reached XP level 4. HP: 40/40 MP: 3/3
  1302 | D:2      | Found a faded altar of an unknown god.
  1357 | D:2      | Noticed Natasha
  1367 | D:2      | Killed Natasha
  1464 | D:2      | Found a runed translucent door.
  1465 | D:2      | Noticed Crazy Yiuf
  1474 | D:2      | Killed Crazy Yiuf
  1474 | D:2      | Reached XP level 5. HP: 47/47 MP: 4/4
  1868 | D:3      | Noticed a sky beast
  1890 | D:3      | Slain by a sky beast

Skill      XL: |  1  2  3  4  5 |
---------------+----------------+-----
Shields        | 4 |  4.8
Fighting       | 4 |  4.4
Armour         | 4 |  4.9
Long Blades    | 3 4 |  4.2
Dodging        | |  0.7

Action                   |  1- 3 |  4- 6 || total
-------------------------+-------+-------++-------
Melee: Long sword        |   108 |    68 ||   176
       Headbutt          |    20 |     9 ||    29
  Eat: Chunk             |     1 |     1 ||     2
Armor: Scale mail        |     5 |       ||     5
       Chain mail        |    68 |    30 ||    98
       Skin              |       |     2 ||     2
Dodge: Dodged            |    36 |    11 ||    47
Block: Shield            |    64 |    28 ||    92
       Rpst.: Long sword |    12 |     3 ||    15
